1792 views
Uploaded 2023-08-15 01:53:24
Game version 1.36 (6115)
33:37 long 2on2 ladder game on (4)TidewaterGlades_S2_v1.1
Saved by GIGA
1792 views
Uploaded 2023-08-15 01:53:24
Game version 1.36 (6115)
33:37 long 2on2 ladder game on (4)TidewaterGlades_S2_v1.1


114 units @ 15.4k
/ 2.1k
33 buildings @ 5.6k
/ 2.6k
ACE
(2)
(33:00) : 

| Healing Salve | 3 | 300 |
| Lesser Clarity Potion | 3 | 210 |
| Scroll of Speed | 1 | 50 |
| Potion of Healing | 1 | 150 |
| Scroll of Town Portal | 1 | 350 |
| Scroll of Healing | 1 | 250 |
| Periapt of Vitality | 1 | 325 |
| Potion of Lesser Invulnerability | 1 | 150 |
| total: | 12 | 1785g |
| Peon | 21 | 1575 | / | 0 |
| Grunt | 16 | 3200 | / | 0 |
| Raider | 6 | 1080 | / | 240 |
| Shaman | 5 | 650 | / | 100 |
| Troll Witch Doctor | 2 | 290 | / | 50 |
| Troll Batrider | 6 | 960 | / | 240 |
| total: | 56 | 7755g | / | 630w |
| Watch Tower | 1 | 110 | / | 80 |
| Altar of Storms | 1 | 180 | / | 50 |
| Barracks | 1 | 180 | / | 50 |
| Orc Burrow | 6 | 960 | / | 240 |
| War Mill | 1 | 205 | / | 0 |
| Voodoo Lounge | 1 | 130 | / | 30 |
| Great Hall | 1 | 385 | / | 185 |
| Beastiary | 2 | 290 | / | 280 |
| Spirit Lodge | 1 | 150 | / | 150 |
| Stronghold | 1 | 315 | / | 190 |
| Fortress | 1 | 325 | / | 190 |
| total: | 15 | 2590g | / | 1065w |
| 0:02 | Peon |
| 0:02 | Peon |
| 0:06 | Altar of Storms |
| 0:09 | Barracks |
| 0:19 | Orc Burrow |
| 0:28 | Peon |
| 0:41 | Peon |
| 1:07 | Peon |
| 1:14 | Grunt |
| 1:31 | Orc Burrow |
| 1:39 | Peon |
| 1:50 | Grunt |
| 1:58 | Peon |
| 2:41 | Feral Spirit |
| 2:50 | War Mill |
| 3:05 | Grunt |
| 3:26 | Grunt |
| 3:46 | Voodoo Lounge |
| 3:56 | Grunt |
| 4:18 | Orc Burrow |
| 4:39 | Steel Armor |
| 4:39 | Steel Melee Weapons |
| 5:11 | Chain Lighting |
| 5:18 | Stronghold |
| 5:26 | Healing Salve |
| 5:26 | Lesser Clarity Potion |
| 5:29 | Scroll of Speed |
| 5:36 | Lesser Clarity Potion |
| 6:00 | Orc Burrow |
| 6:28 | Grunt |
| 6:46 | Grunt |
| 7:19 | Grunt |
| 7:47 | Grunt |
| 7:47 | Berserker Strength |
| 7:49 | Grunt |
| 8:16 | Fortress |
| 8:58 | Great Hall |
| 9:28 | Mana Shield |
| 10:08 | Potion of Healing |
| 10:08 | Healing Salve |
| 10:09 | Healing Salve |
| 10:09 | Lesser Clarity Potion |
| 10:51 | Peon |
| 10:51 | Peon |
| 10:51 | Peon |
| 10:51 | Peon |
| 11:09 | Feral Spirit |
| 11:17 | Watch Tower |
| 11:21 | Reinforced Defenses |
| 11:34 | Peon |
| 11:34 | Peon |
| 11:53 | Pillage |
| 12:37 | Thorium Melee Weapons |
| 12:39 | Peon |
| 12:39 | Peon |
| 13:18 | Scroll of Town Portal |
| 13:29 | Grunt |
| 13:29 | Grunt |
| 14:04 | Grunt |
| 14:04 | Grunt |
| 14:07 | Thorium Armor |
| 14:14 | Chain Lighting |
| 14:40 | Grunt |
| 14:40 | Grunt |
| 15:09 | Beastiary |
| 15:13 | Beastiary |
| 16:00 | Periapt of Vitality |
| 16:01 | Potion of Lesser Invulnerability |
| 16:01 | Scroll of Healing |
| 16:19 | Raider |
| 16:19 | Ensnare |
| 16:39 | Frost Arrows |
| 17:09 | Spirit Lodge |
| 17:15 | Arcanite Armor |
| 17:31 | Spiked Barricades |
| 17:46 | Raider |
| 18:08 | Peon |
| 19:22 | Raider |
| 19:22 | Raider |
| 20:10 | Orc Burrow |
| 20:11 | Orc Burrow |
| 20:13 | Shaman |
| 20:13 | Shaman Adept Training |
| 20:14 | Shaman |
| 20:14 | Shaman |
| 21:10 | Arcanite Melee Weapons |
| 21:12 | Improved Spiked Barricades |
| 21:36 | Troll Witch Doctor |
| 21:37 | Witch Doctor Adept Training |
| 21:45 | Shaman Master Training |
| 21:46 | Shaman |
| 21:46 | Shaman |
| 21:47 | Troll Witch Doctor |
| 21:47 | Witch Doctor Master Training |
| 23:51 | Troll Batrider |
| 23:52 | Troll Batrider |
| 23:52 | Troll Batrider |
| 25:24 | Raider |
| 25:36 | Raider |
| 26:59 | Peon |
| 27:35 | Peon |
| 27:35 | Peon |
| 27:35 | Peon |
| 27:35 | Peon |
| 29:07 | Troll Batrider |
| 29:09 | Troll Batrider |
| 30:20 | Troll Batrider |
| Right click | 730 |
| Select group | 522 |
| Select | 364 |
| Build/train/purchase | 126 |
| Assign group | 64 |
| Resource trade | 38 |
| Use ability | 35 |
| Minimap ping | 8 |
| Remove unit | 6 |
| Misc. action | 3 |



| Lesser Clarity Potion | 1 | 70 |
| Potion of Mana | 1 | 200 |
| Moonstone | 2 | 100 |
| Orb of Venom | 2 | 650 |
| Dust of Appearance | 1 | 75 |
| Scroll of Town Portal | 4 | 1400 |
| Scroll of Healing | 2 | 500 |
| Boots of Speed | 1 | 250 |
| Scroll of Protection | 2 | 300 |
| total: | 16 | 3545g |
| Wisp | 26 | 1560 | / | 0 |
| Archer | 13 | 1690 | / | 130 |
| Huntress | 1 | 195 | / | 20 |
| Dryad | 6 | 870 | / | 360 |
| Chimaera | 3 | 990 | / | 210 |
| Druid of the Claw | 4 | 1020 | / | 320 |
| Glaive Thrower | 3 | 630 | / | 195 |
| Mountain Giant | 2 | 700 | / | 200 |
| total: | 58 | 7655g | / | 1435w |
| Ancient Protector | 5 | 675 | / | 400 |
| Moon Well | 5 | 900 | / | 200 |
| Ancient of War | 1 | 150 | / | 60 |
| Altar of Elders | 1 | 180 | / | 50 |
| Hunter's Hall | 1 | 210 | / | 100 |
| Tree of Life | 1 | 340 | / | 185 |
| Ancient of Wonders | 1 | 90 | / | 30 |
| Ancient of Lore | 1 | 155 | / | 145 |
| Chimaera Roost | 2 | 280 | / | 380 |
| Tree of Ages | 1 | 320 | / | 180 |
| Tree of Eternity | 1 | 330 | / | 200 |
| total: | 18 | 2980g | / | 1550w |
| 0:02 | Wisp |
| 0:03 | Wisp |
| 0:03 | Wisp |
| 0:13 | Moon Well |
| 0:27 | Ancient of War |
| 0:31 | Wisp |
| 0:31 | Wisp |
| 0:31 | Wisp |
| 1:09 | Altar of Elders |
| 1:14 | Wisp |
| 1:16 | Wisp |
| 1:23 | Moon Well |
| 1:30 | Archer |
| 1:32 | Wisp |
| 1:40 | Wisp |
| 1:55 | Archer |
| 2:41 | Moon Well |
| 2:51 | Archer |
| 2:54 | Wisp |
| 2:56 | Black Arrow |
| 3:08 | Archer |
| 3:11 | Wisp |
| 3:41 | Tree of Ages |
| 4:05 | Life Drain |
| 4:11 | Hunter's Hall |
| 4:22 | Moon Well |
| 5:15 | Huntress |
| 5:16 | Moon Armor |
| 5:22 | Strength of the Moon |
| 6:13 | Improved Bows |
| 6:28 | Black Arrow |
| 6:31 | Frost Arrows |
| 6:36 | Ancient of Lore |
| 6:46 | Boots of Speed |
| 6:55 | Wisp |
| 7:01 | Archer |
| 8:00 | Dryad |
| 8:03 | Improved Moon Armor |
| 8:32 | Tree of Eternity |
| 9:01 | Dust of Appearance |
| 9:19 | Forked Lightning |
| 10:03 | Life Drain |
| 10:31 | Dryad |
| 10:32 | Reinforced Hides |
| 10:33 | Strength of the Wild |
| 10:35 | Moon Well |
| 10:40 | Tree of Life |
| 10:52 | Lesser Clarity Potion |
| 10:54 | Potion of Mana |
| 11:04 | Marksmanship |
| 11:07 | Chimaera Roost |
| 11:18 | Frost Arrows |
| 11:24 | Wisp |
| 11:28 | Well Spring |
| 11:35 | Chimaera Roost |
| 12:50 | Chimaera |
| 12:53 | Trueshot Aura |
| 13:00 | Corrosive Breath |
| 13:06 | Druid of the Claw Adept Training |
| 13:07 | Druid of the Claw |
| 13:17 | Scroll of Town Portal |
| 13:18 | Scroll of Protection |
| 13:22 | Wisp |
| 13:22 | Wisp |
| 13:22 | Wisp |
| 13:23 | Wisp |
| 13:23 | Wisp |
| 15:13 | Druid of the Claw Master Training |
| 15:15 | Chimaera |
| 15:17 | Improved Reinforced Hides |
| 15:44 | Archer |
| 15:46 | Glaive Thrower |
| 15:47 | Vorpal Blades |
| 15:49 | Improved Strength of the Wild |
| 15:50 | Improved Strength of the Moon |
| 15:54 | Mark of the Claw |
| 16:03 | Ancient of Wonders |
| 16:55 | Druid of the Claw |
| 17:08 | Searing Arrows |
| 17:45 | Trueshot Aura |
| 17:49 | Druid of the Claw |
| 17:52 | Archer |
| 17:52 | Archer |
| 17:55 | Glaive Thrower |
| 17:58 | Scroll of Town Portal |
| 18:00 | Moonstone |
| 18:03 | Orb of Venom |
| 18:10 | Druid of the Claw |
| 18:16 | Advanced Reinforced Hides |
| 18:16 | Advanced Moon Armor |
| 18:48 | Dryad |
| 18:48 | Dryad |
| 18:49 | Abolish Magic |
| 20:06 | Archer |
| 20:06 | Archer |
| 20:06 | Archer |
| 21:39 | Advanced Strength of the Moon |
| 23:01 | Chimaera |
| 23:14 | Forked Lightning |
| 23:23 | Wisp |
| 23:23 | Wisp |
| 23:23 | Wisp |
| 23:24 | Wisp |
| 23:24 | Wisp |
| 23:59 | Ancient Protector |
| 24:02 | Ancient Protector |
| 24:22 | Ancient Protector |
| 24:25 | Ancient Protector |
| 24:28 | Ancient Protector |
| 25:31 | Nature's Blessing |
| 25:34 | Hardened Skin |
| 25:35 | Resistant Skin |
| 26:48 | Mountain Giant |
| 26:50 | Mountain Giant |
| 27:00 | Wisp |
| 27:00 | Wisp |
| 27:23 | Moonstone |
| 27:28 | Scroll of Town Portal |
| 28:50 | Advanced Strength of the Wild |
| 28:51 | Ultravision |
| 28:55 | Glaive Thrower |
| 30:48 | Archer |
| 30:48 | Archer |
| 30:56 | Scroll of Town Portal |
| 30:57 | Orb of Venom |
| 31:00 | Dryad |
| 31:00 | Dryad |
| 31:47 | Scroll of Protection |
| 31:48 | Scroll of Healing |
| 31:49 | Scroll of Healing |
| Right click | 940 |
| Select group | 568 |
| Select | 472 |
| Assign group | 170 |
| Build/train/purchase | 147 |
| Chat | 68 |
| Use ability | 31 |
| Resource trade | 15 |
| Minimap ping | 11 |
| Remove unit | 5 |
| Item give/drop | 4 |
| Esc | 1 |
71 units @ 7.3k
/ 0.7k
154 buildings @ 12.7k
/ 6.8k


| Scroll of Regeneration | 3 | 300 |
| Staff of Sanctuary | 1 | 250 |
| Scroll of Town Portal | 1 | 350 |
| total: | 5 | 900g |
| Peasant | 27 | 2025 | / | 0 |
| Footman | 7 | 945 | / | 0 |
| Mortar Team | 1 | 180 | / | 70 |
| Flying Machine | 13 | 1300 | / | 390 |
| total: | 48 | 4450g | / | 460w |
| Scout Tower | 71 | 2130 | / | 1420 |
| Arcane Tower | 1 | 70 | / | 50 |
| Guard Tower | 22 | 1540 | / | 1100 |
| Altar of Kings | 2 | 360 | / | 100 |
| Barracks | 1 | 160 | / | 60 |
| Farm | 21 | 1680 | / | 420 |
| Lumber Mill | 3 | 360 | / | 0 |
| Town Hall | 3 | 1155 | / | 615 |
| Arcane Vault | 3 | 390 | / | 90 |
| Blacksmith | 3 | 420 | / | 180 |
| Cannon Tower | 1 | 120 | / | 100 |
| Workshop | 8 | 1120 | / | 1120 |
| Keep | 2 | 640 | / | 420 |
| Castle | 1 | 360 | / | 210 |
| total: | 115 | 7775g | / | 4005w |
| 0:02 | Peasant |
| 0:05 | Altar of Kings |
| 0:10 | Peasant |
| 0:18 | Barracks |
| 0:19 | Peasant |
| 0:33 | Farm |
| 0:34 | Peasant |
| 0:48 | Farm |
| 0:51 | Peasant |
| 1:17 | Peasant |
| 1:20 | Footman |
| 1:28 | Farm |
| 1:32 | Peasant |
| 1:44 | Footman |
| 1:48 | Scout Tower |
| 2:00 | Peasant |
| 2:40 | Footman |
| 2:44 | Arcane Tower |
| 2:46 | Storm Bolt |
| 3:08 | Peasant |
| 3:10 | Scout Tower |
| 3:12 | Lumber Mill |
| 3:48 | Peasant |
| 3:57 | Scout Tower |
| 4:00 | Peasant |
| 4:54 | Guard Tower |
| 4:55 | Peasant |
| 4:56 | Peasant |
| 5:17 | Town Hall |
| 5:22 | Scout Tower |
| 5:29 | Arcane Vault |
| 5:45 | Keep |
| 5:49 | Defend |
| 5:52 | Farm |
| 5:53 | Farm |
| 5:59 | Improved Masonry |
| 6:06 | Bash |
| 6:22 | Scroll of Regeneration |
| 6:27 | Scout Tower |
| 6:27 | Scout Tower |
| 6:30 | Improved Lumber Harvesting |
| 6:59 | Guard Tower |
| 7:16 | Scout Tower |
| 7:31 | Footman |
| 7:31 | Footman |
| 7:38 | Footman |
| 7:40 | Scroll of Regeneration |
| 7:44 | Guard Tower |
| 8:19 | Footman |
| 8:24 | Scroll of Regeneration |
| 8:53 | Castle |
| 9:23 | Town Hall |
| 9:40 | Storm Bolt |
| 9:45 | Holy Light |
| 9:47 | Hex |
| 10:37 | Scout Tower |
| 10:37 | Scout Tower |
| 10:39 | Scout Tower |
| 10:39 | Scout Tower |
| 10:51 | Advanced Lumber Harvesting |
| 10:51 | Advanced Masonry |
| 10:59 | Divine Shield |
| 11:00 | Healing Wave |
| 11:06 | Guard Tower |
| 11:11 | Peasant |
| 11:14 | Scout Tower |
| 11:16 | Guard Tower |
| 11:17 | Scout Tower |
| 11:17 | Scout Tower |
| 11:18 | Scout Tower |
| 11:18 | Scout Tower |
| 11:20 | Peasant |
| 11:27 | Blacksmith |
| 11:29 | Scout Tower |
| 11:29 | Scout Tower |
| 11:31 | Scout Tower |
| 11:32 | Scout Tower |
| 11:34 | Guard Tower |
| 12:32 | Guard Tower |
| 12:33 | Scout Tower |
| 12:46 | Guard Tower |
| 12:48 | Scout Tower |
| 12:48 | Scout Tower |
| 12:49 | Scout Tower |
| 12:54 | Peasant |
| 12:54 | Peasant |
| 12:54 | Peasant |
| 13:03 | Blacksmith |
| 13:16 | Guard Tower |
| 13:20 | Guard Tower |
| 15:00 | Bash |
| 15:02 | Workshop |
| 15:04 | Workshop |
| 15:07 | Workshop |
| 15:10 | Peasant |
| 15:10 | Peasant |
| 15:15 | Scout Tower |
| 15:16 | Scout Tower |
| 15:17 | Peasant |
| 15:17 | Peasant |
| 15:21 | Arcane Vault |
| 15:24 | Scout Tower |
| 15:27 | Peasant |
| 15:37 | Flak Cannons |
| 15:37 | Flying Machine Bombs |
| 15:41 | Farm |
| 15:42 | Farm |
| 15:42 | Farm |
| 15:43 | Farm |
| 15:45 | Black Gunpowder |
| 15:47 | Guard Tower |
| 15:55 | Scout Tower |
| 15:56 | Scout Tower |
| 15:59 | Guard Tower |
| 16:04 | Scout Tower |
| 16:05 | Guard Tower |
| 16:07 | Staff of Sanctuary |
| 16:30 | Guard Tower |
| 16:34 | Guard Tower |
| 16:40 | Fragmentation Shards |
| 16:42 | Peasant |
| 16:42 | Peasant |
| 16:49 | Refined Gunpowder |
| 16:51 | Flare |
| 17:10 | Workshop |
| 17:15 | Peasant |
| 17:15 | Peasant |
| 17:17 | Imbued Masonry |
| 17:25 | Mortar Team |
| 17:58 | Studded Leather Armor |
| 18:01 | Flying Machine |
| 18:41 | Flying Machine |
| 18:42 | Flying Machine |
| 18:42 | Flying Machine |
| 18:42 | Flying Machine |
| 18:42 | Flying Machine |
| 19:24 | Workshop |
| 19:24 | Workshop |
| 19:25 | Workshop |
| 19:44 | Blacksmith |
| 19:47 | Workshop |
| 20:07 | Arcane Vault |
| 20:33 | Scroll of Town Portal |
| 20:42 | Iron Plating |
| 20:58 | Farm |
| 20:58 | Farm |
| 21:05 | Farm |
| 21:05 | Farm |
| 21:06 | Farm |
| 21:33 | Farm |
| 21:34 | Farm |
| 21:34 | Farm |
| 21:46 | Farm |
| 21:47 | Farm |
| 21:48 | Farm |
| 22:35 | Flying Machine |
| 22:35 | Flying Machine |
| 22:36 | Flying Machine |
| 23:02 | Farm |
| 23:44 | Keep |
| 23:52 | Flying Machine |
| 23:53 | Flying Machine |
| 23:53 | Flying Machine |
| 23:53 | Flying Machine |
| 27:01 | Altar of Kings |
| 27:27 | Lumber Mill |
| 27:30 | Lumber Mill |
| 27:41 | Scout Tower |
| 27:42 | Scout Tower |
| 27:43 | Scout Tower |
| 27:43 | Scout Tower |
| 27:44 | Scout Tower |
| 27:45 | Scout Tower |
| 27:46 | Scout Tower |
| 27:46 | Scout Tower |
| 27:47 | Scout Tower |
| 27:48 | Scout Tower |
| 28:09 | Cannon Tower |
| 28:56 | Scout Tower |
| 28:57 | Scout Tower |
| 28:58 | Scout Tower |
| 28:58 | Scout Tower |
| 29:01 | Scout Tower |
| 29:01 | Scout Tower |
| 29:35 | Scout Tower |
| 29:36 | Scout Tower |
| 29:37 | Scout Tower |
| 29:38 | Scout Tower |
| 29:40 | Scout Tower |
| 29:41 | Scout Tower |
| 30:09 | Guard Tower |
| 30:10 | Guard Tower |
| 30:20 | Scout Tower |
| 30:21 | Scout Tower |
| 30:22 | Scout Tower |
| 30:23 | Scout Tower |
| 30:52 | Guard Tower |
| 31:09 | Scout Tower |
| 31:09 | Scout Tower |
| 31:10 | Scout Tower |
| 31:10 | Scout Tower |
| 31:11 | Scout Tower |
| 31:11 | Scout Tower |
| 31:17 | Scout Tower |
| 31:19 | Scout Tower |
| 31:25 | Scout Tower |
| 31:25 | Scout Tower |
| 31:26 | Scout Tower |
| 31:41 | Guard Tower |
| 31:45 | Guard Tower |
| 32:15 | Guard Tower |
| 32:16 | Guard Tower |
| 33:04 | Scout Tower |
| 33:05 | Scout Tower |
| 33:05 | Scout Tower |
| 33:06 | Scout Tower |
| 33:11 | Town Hall |
| 33:30 | Divine Shield |
| Right click | 1758 |
| Select | 649 |
| Select group | 457 |
| Build/train/purchase | 131 |
| Misc. action | 100 |
| Use ability | 93 |
| Assign group | 23 |
| Esc | 8 |
| Minimap ping | 6 |
| Resource trade | 5 |
| Chat | 3 |
| Item give/drop | 1 |
| Remove unit | 1 |
GIGA
(207)
(33:59) : 

| Healing Salve | 2 | 200 |
| Lesser Clarity Potion | 10 | 700 |
| Scroll of Speed | 1 | 50 |
| Potion of Healing | 3 | 450 |
| Potion of Mana | 3 | 600 |
| Orb of Lightning | 1 | 375 |
| Scroll of Healing | 1 | 250 |
| Boots of Speed | 1 | 250 |
| Staff of Teleportation | 1 | 150 |
| Scroll of Regeneration | 2 | 200 |
| total: | 25 | 3225g |
| Peon | 12 | 900 | / | 0 |
| Grunt | 4 | 800 | / | 0 |
| Troll Witch Doctor | 6 | 870 | / | 150 |
| Goblin Zeppelin | 1 | 240 | / | 60 |
| total: | 23 | 2810g | / | 210w |
| Watch Tower | 26 | 2860 | / | 2080 |
| Altar of Storms | 2 | 360 | / | 100 |
| Orc Burrow | 5 | 800 | / | 200 |
| Barracks | 1 | 180 | / | 50 |
| Voodoo Lounge | 2 | 260 | / | 60 |
| War Mill | 1 | 205 | / | 0 |
| Spirit Lodge | 2 | 300 | / | 300 |
| Stronghold | 1 | 315 | / | 190 |
| Fortress | 1 | 325 | / | 190 |
| total: | 39 | 4965g | / | 2790w |
| 0:02 | Peon |
| 0:02 | Peon |
| 0:05 | Altar of Storms |
| 0:09 | Orc Burrow |
| 0:16 | Peon |
| 0:32 | Peon |
| 0:50 | Barracks |
| 0:52 | Peon |
| 1:03 | Peon |
| 1:19 | Peon |
| 1:32 | Peon |
| 1:57 | Grunt |
| 2:00 | Orc Burrow |
| 2:48 | Grunt |
| 2:53 | Wind Walk |
| 3:17 | Peon |
| 3:51 | Peon |
| 3:51 | Peon |
| 3:52 | Grunt |
| 3:58 | Voodoo Lounge |
| 4:09 | Peon |
| 4:21 | Stronghold |
| 4:36 | Critical Strike |
| 5:14 | War Mill |
| 5:40 | Orc Burrow |
| 6:06 | Healing Salve |
| 6:06 | Lesser Clarity Potion |
| 6:08 | Healing Salve |
| 6:13 | Scroll of Speed |
| 6:35 | Grunt |
| 6:49 | Spirit Lodge |
| 6:54 | Wind Walk |
| 7:11 | Fortress |
| 7:13 | Watch Tower |
| 7:14 | Watch Tower |
| 7:15 | Watch Tower |
| 7:17 | Reinforced Defenses |
| 8:27 | Witch Doctor Adept Training |
| 8:35 | Watch Tower |
| 8:38 | Watch Tower |
| 9:35 | Witch Doctor Master Training |
| 9:35 | Troll Witch Doctor |
| 9:35 | Troll Witch Doctor |
| 10:52 | Troll Witch Doctor |
| 11:30 | Spiked Barricades |
| 11:37 | Lesser Clarity Potion |
| 11:39 | Scroll of Regeneration |
| 11:41 | Potion of Healing |
| 11:44 | Potion of Mana |
| 12:33 | Watch Tower |
| 12:34 | Watch Tower |
| 12:35 | Watch Tower |
| 12:36 | Watch Tower |
| 13:07 | Scroll of Healing |
| 13:28 | Critical Strike |
| 14:23 | Watch Tower |
| 14:23 | Watch Tower |
| 14:24 | Watch Tower |
| 14:25 | Watch Tower |
| 14:49 | Healing Wave |
| 15:01 | Watch Tower |
| 15:02 | Watch Tower |
| 15:14 | Troll Witch Doctor |
| 15:15 | Troll Witch Doctor |
| 15:15 | Troll Witch Doctor |
| 15:32 | Potion of Mana |
| 15:33 | Potion of Mana |
| 15:33 | Potion of Healing |
| 15:35 | Lesser Clarity Potion |
| 15:38 | Lesser Clarity Potion |
| 16:02 | Boots of Speed |
| 16:36 | Watch Tower |
| 16:37 | Watch Tower |
| 16:38 | Watch Tower |
| 16:39 | Watch Tower |
| 16:42 | Improved Spiked Barricades |
| 17:19 | Lesser Clarity Potion |
| 17:30 | Voodoo Lounge |
| 17:33 | Staff of Teleportation |
| 17:47 | Watch Tower |
| 17:47 | Watch Tower |
| 17:48 | Watch Tower |
| 18:52 | Critical Strike |
| 19:11 | Watch Tower |
| 19:11 | Watch Tower |
| 19:14 | Watch Tower |
| 19:15 | Watch Tower |
| 20:14 | Lesser Clarity Potion |
| 20:16 | Potion of Healing |
| 20:21 | Scroll of Regeneration |
| 20:47 | Goblin Zeppelin |
| 21:17 | Spirit Lodge |
| 21:27 | Holy Light |
| 21:37 | Orb of Lightning |
| 24:36 | Bladestorm |
| 25:29 | Lesser Clarity Potion |
| 25:56 | Lesser Clarity Potion |
| 26:45 | Hex |
| 27:06 | Lesser Clarity Potion |
| 27:27 | Altar of Storms |
| 27:30 | Orc Burrow |
| 27:37 | Orc Burrow |
| 31:56 | Lesser Clarity Potion |
| 32:38 | Wind Walk |
| 32:42 | Storm Bolt |
| Right click | 2638 |
| Select | 436 |
| Select group | 265 |
| Build/train/purchase | 139 |
| Use ability | 46 |
| Resource trade | 22 |
| Chat | 15 |
| Assign group | 8 |
| Item give/drop | 8 |
| Minimap ping | 7 |
| Misc. action | 5 |
| Esc | 3 |
| Remove unit | 1 |